[Event "Team 45 45 League T95"]
[Site "Internet Chess Club"]
[Date "2023.01.31"]
[Round "3"]
[White "cyborg86"]
[Black "KidRattler"]
[Result "1/2-1/2"]
[WhiteElo "2266"]
[BlackElo "1732"]
[Opening "Scandinavian (center counter) defense"]
[ECO "B01"]
[Time "14:02:06"]
[PlyCount "23"]
[TimeControl "2700+45"]

1. e4 d5 2. exd5 Qxd5 3. Nf3 Qd8 4. d4 Nf6 5. c4 Bg4 6. Be2 e6 7. O-O c6 8. Nc3
Nbd7 9. h3 Bxf3 10. Bxf3 Bb4 11. Qb3 Bxc3 12. bxc3 {Game drawn by mutual
agreement} 1/2-1/2

[Event "Team 45 45 League T95"]
[Site "Internet Chess Club"]
[Date "2023.01.26"]
[Round "3"]
[White "qs16"]
[Black "julesraider"]
[Result "0-1"]
[WhiteElo "1567"]
[BlackElo "1645"]
[Opening "Queen's pawn game"]
[ECO "A45"]
[Time "14:01:08"]
[PlyCount "101"]
[TimeControl "2700+45"]

1. d4 Nf6 2. e3 b6 3. f4 e6 4. Bd3 Bb7 5. Nf3 d6 6. Nbd2 Nbd7 7. O-O g6 8. b3
Bg7 9. Bb2 O-O 10. c4 c5 11. Qe2 Qe7 12. Rae1 Rae8 13. e4 Nh5 14. g3 cxd4 15.
Bxd4 e5 16. fxe5 dxe5 17. Bf2 Nc5 18. Bb1 Bc8 19. Rd1 Bh3 20. Rfe1 a5 21. Be3 h6
22. Nf1 Rd8 23. Rd5 Bg4 24. Kg2 Qe6 25. Red1 Bh3+ 26. Kf2 Rxd5 27. exd5 Qd6 28.
Ng1 Qf6+ 29. Qf3 Qxf3+ 30. Kxf3 Bd7 31. Kg2 Nf6 32. Bxc5 bxc5 33. Re1 Re8 34.
Nd2 a4 35. Ne4 Nxe4 36. Bxe4 axb3 37. axb3 f5 38. Bf3 e4 39. Bd1 Bc3 40. Re3 Bd4
41. Re1 Ra8 42. Ne2 Ra2 43. Kh1 Be5 44. Nf4 g5 45. Ng2 Kg7 46. Re2 Ra1 47. Re1
Bc3 48. Rf1 Bd2 49. Be2 Ra2 50. Rb1 Bb4 51. Kg1 {White resigns} 0-1

[Event "Team 45 45 League T95"]
[Site "Internet Chess Club"]
[Date "2023.01.29"]
[Round "3"]
[White "jfkingiii"]
[Black "Lawkeito"]
[Result "0-1"]
[WhiteElo "1494"]
[BlackElo "1646"]
[Opening "Sicilian: Alapin's variation (2.c3)"]
[ECO "B22"]
[Time "17:11:04"]
[PlyCount "78"]
[TimeControl "2700+45"]

1. e4 c5 2. c3 Nf6 3. e5 Nd5 4. d4 cxd4 5. cxd4 e6 6. Nf3 d6 7. Bb5+ Bd7 8.
Bxd7+ Nxd7 9. O-O Be7 10. Nc3 N7b6 11. Bd2 O-O 12. Rc1 a6 13. a4 Rc8 14. a5 Nc4
15. Nxd5 exd5 16. b4 Qd7 17. Qb3 f6 18. exd6 Bxd6 19. Rfe1 Rfe8 20. Be3 Qb5 21.
Rb1 Nxe3 22. Rxe3 Rxe3 23. Qxe3 Kf7 24. Qb3 Rc4 25. Qd1 Bxb4 26. g3 Qxa5 27. Ra1
Qc7 28. Nh4 g6 29. Kg2 Bc3 30. Rb1 b5 31. Nf3 Qc6 32. Qc1 Kg7 33. Qe3 Qd7 34.
Rc1 b4 35. Nd2 Bxd4 36. Qf4 Rxc1 37. Qxd4 a5 38. Ne4 Qc6 39. Qa7+ Qc7 {White
resigns} 0-1

[Event "Team 45 45 League T95"]
[Site "Internet Chess Club"]
[Date "2023.01.27"]
[Round "3"]
[White "BlueStorm"]
[Black "jjmolina1"]
[Result "0-1"]
[WhiteElo "1481"]
[BlackElo "1472"]
[Opening "Queen's pawn: London system"]
[ECO "A45"]
[Time "11:01:31"]
[PlyCount "124"]
[TimeControl "2700+45"]

1. d4 Nf6 2. Bf4 c6 3. e3 g6 4. Nf3 Bg7 5. h3 Qa5+ 6. c3 Qb6 7. Qb3 O-O 8. Nbd2
d5 9. Bd3 Nbd7 10. O-O c5 11. Qxb6 axb6 12. Bc2 Re8 13. Rfe1 Nf8 14. e4 Ne6 15.
Bh2 cxd4 16. Nxd4 Nxd4 17. cxd4 dxe4 18. Be5 Ra5 19. Nxe4 Be6 20. Nxf6+ exf6 21.
Bc7 Rea8 22. a3 f5 23. Bxb6 Rb5 24. Bc5 Rxb2 25. Rac1 b6 26. Bd6 Bxd4 27. Be5
Bxe5 28. Rxe5 Rxa3 29. Re2 b5 30. Kf1 b4 31. Ke1 b3 32. Bd3 Rxe2+ 33. Kxe2 Ra2+
34. Ke3 f4+ 35. Kxf4 Rxf2+ 36. Kg3 Rd2 37. Bb1 Bd5 38. Rg1 h5 39. Kh2 h4 40. Kh1
Kg7 41. Kh2 f5 42. Kh1 Kf6 43. Kh2 g5 44. Kh1 f4 45. Bh7 b2 46. Bb1 f3 47. Rf1
f2 48. Kh2 Ke5 49. g3 Bc4 50. Kg2 Bxf1+ 51. Kxf1 hxg3 52. Kg2 Kf4 53. Bh7 Rd8
54. Bb1 Rb8 55. Bg6 g4 56. hxg4 Kxg4 57. Bb1 Rb4 58. Bh7 f1=Q+ 59. Kxf1 b1=Q+
60. Bxb1 Rxb1+ 61. Kg2 Rb2+ 62. Kg1 Kf3 {White resigns} 0-1

[Event "Team 45 45 League T95"]
[Site "Internet Chess Club"]
[Date "2023.01.29"]
[Round "3"]
[White "Goli"]
[Black "LookImYourVader"]
[Result "1/2-1/2"]
[WhiteElo "1816"]
[BlackElo "1762"]
[Opening "Sicilian: Alapin's variation (2.c3)"]
[ECO "B22"]
[Time "12:00:55"]
[PlyCount "59"]
[TimeControl "2700+45"]

1. e4 c5 2. c3 d5 3. exd5 Qxd5 4. d4 e6 5. Nf3 Nf6 6. Be2 cxd4 7. cxd4 Nc6 8.
O-O a6 9. Nc3 Qd6 10. h3 Be7 11. Be3 O-O 12. a3 b5 13. b4 Bb7 14. Rc1 Rfd8 15.
Qd2 Nd5 16. Nxd5 Qxd5 17. Rfd1 a5 18. Ne1 axb4 19. Bf3 Qd7 20. Bxc6 Bxc6 21.
axb4 Be4 22. Nd3 Bxd3 23. Qxd3 Bxb4 24. Rb1 Ra4 25. Rb3 Be7 26. Qxb5 Qxb5 27.
Rxb5 Bf6 28. d5 exd5 29. Rbxd5 Rxd5 30. Rxd5 {Game drawn by mutual agreement}
1/2-1/2

[Event "Team 45 45 League T95"]
[Site "Internet Chess Club"]
[Date "2023.01.30"]
[Round "3"]
[White "walkover"]
[Black "cysk"]
[Result "1/2-1/2"]
[WhiteElo "1706"]
[BlackElo "1669"]
[Opening "Dutch defense"]
[ECO "A81"]
[Time "13:26:11"]
[PlyCount "35"]
[TimeControl "2700+45"]

1. d4 f5 2. g3 Nf6 3. Bg2 d5 4. Nf3 e6 5. O-O Bd6 6. c4 c6 7. Bf4 Bxf4 8. gxf4
O-O 9. e3 Nbd7 10. Qe2 b6 11. Ne5 Ba6 12. Nd2 Nxe5 13. dxe5 Ne4 14. Bxe4 fxe4
15. Qg4 Qd7 16. Rfd1 Qf7 17. Rac1 Qf5 18. Qxf5 {Game drawn by mutual agreement}
1/2-1/2

[Event "Team 45 45 League T95"]
[Site "Internet Chess Club"]
[Date "2023.01.29"]
[Round "3"]
[White "fhunfi"]
[Black "kabindra"]
[Result "1-0"]
[WhiteElo "1737"]
[BlackElo "1672"]
[Opening "Sicilian: Labourdonnais-Löwenthal variation"]
[ECO "B32"]
[Time "18:00:35"]
[PlyCount "83"]
[TimeControl "2700+45"]

1. e4 c5 2. Nf3 Nc6 3. d4 cxd4 4. Nxd4 e5 5. Nb5 a6 6. Nd6+ Bxd6 7. Qxd6 Qe7 8.
Qd1 Nf6 9. Nc3 d6 10. Be2 h6 11. Be3 O-O 12. g4 Be6 13. g5 hxg5 14. Bxg5 b5 15.
Bxf6 Qxf6 16. Nd5 Bxd5 17. exd5 Nd4 18. c3 Nxe2 19. Qxe2 Qf5 20. O-O-O b4 21.
Qc2 Qf4+ 22. Qd2 bxc3 23. bxc3 Qc4 24. Rhg1 Rfc8 25. Rg3 Qb4 26. Rdg1 Kf8 27.
Kd1 Qb1+ 28. Ke2 Qe4+ 29. Re3 Qc4+ 30. Kf3 Qf4+ 31. Ke2 Rab8 32. Rgg3 Qc4+ 33.
Kf3 f5 34. Rg1 e4+ 35. Kg2 Rb5 36. Rh3 Kf7 37. Kh1 Qxd5 38. Rxg7+ Kf8 39. Rh8+
Kxg7 40. Qh6+ Kf7 41. Rh7+ Ke8 42. Qg6+ {Black resigns} 1-0

[Event "Team 45 45 League T95"]
[Site "Internet Chess Club"]
[Date "2023.01.30"]
[Round "3"]
[White "mongmong"]
[Black "ChessMaine"]
[Result "0-1"]
[WhiteElo "1465"]
[BlackElo "1444"]
[Opening "Queen's pawn game"]
[ECO "D04"]
[Time "19:04:32"]
[PlyCount "44"]
[TimeControl "2700+45"]

1. d4 d5 2. Nf3 Nf6 3. e3 Bg4 4. c4 e6 5. Nbd2 Nbd7 6. Bd3 dxc4 7. Bxc4 c5 8.
Qb3 Qb6 9. dxc5 Bxc5 10. Qxb6 Bxb6 11. Ke2 O-O 12. h3 Bf5 13. Bd3 Bxd3+ 14. Kxd3
Rfd8 15. Ke2 Rac8 16. Nb3 Rc2+ 17. Ke1 Nc5 18. Nfd4 Nd3+ 19. Kf1 Rxf2+ 20. Kg1
Ne4 21. Kh2 Bc7+ 22. Kg1 Ng3 {White resigns} 0-1

[Event "Team 45 45 League T95"]
[Site "Internet Chess Club"]
[Date "2023.01.31"]
[Round "3"]
[White "laurenpar"]
[Black "AlekMoro"]
[Result "0-1"]
[WhiteElo "1914"]
[BlackElo "1901"]
[Opening "Nimzovich-Larsen attack: Indian variation"]
[ECO "A01"]
[Time "00:00:47"]
[PlyCount "72"]
[TimeControl "2700+45"]

1. b3 Nf6 2. Bb2 b6 3. Nf3 Bb7 4. e3 d6 5. d4 Nbd7 6. Bd3 e6 7. O-O Be7 8. Nbd2
O-O 9. c4 c5 10. Re1 Rc8 11. Qe2 Re8 12. Rad1 Bf8 13. Qf1 Qc7 14. g3 g6 15. Qh3
Bg7 16. Qh4 h6 17. e4 g5 18. Nxg5 hxg5 19. Qxg5 cxd4 20. Bxd4 e5 21. Bb2 Nc5 22.
Bb1 Qd7 23. f3 Qh3 24. Nf1 Rcd8 25. Ne3 Bc8 26. Ng2 Ne6 27. Qe3 Bh6 28. Qe2 Kh8
29. Qf2 Rg8 30. Bd3 Ng5 31. Bf1 Nxf3+ 32. Qxf3 Ng4 33. Bd3 Rg6 34. Nh4 Qxh2+ 35.
Kf1 Qxh4 36. gxh4 Nh2+ {White resigns} 0-1

[Event "Team 45 45 League T95"]
[Site "Internet Chess Club"]
[Date "2023.01.31"]
[Round "3"]
[White "BuddyT"]
[Black "martineden"]
[Result "1/2-1/2"]
[WhiteElo "1722"]
[BlackElo "1838"]
[Opening "Pirc: 150 attack"]
[ECO "B07"]
[Time "10:15:25"]
[PlyCount "77"]
[TimeControl "2700+45"]

1. e4 d6 2. d4 Nf6 3. Nc3 g6 4. Be3 c6 5. Qd2 b5 6. Bd3 Nbd7 7. Nf3 e5 8. O-O
Bb7 9. a4 b4 10. Na2 exd4 11. Nxd4 c5 12. Nxb4 cxd4 13. Bxd4 Ne5 14. Bb5+ Nfd7
15. f4 a6 16. Bxd7+ Nxd7 17. Bxh8 f6 18. Nd5 Kf7 19. e5 dxe5 20. fxe5 Bc5+ 21.
Kh1 Qxh8 22. e6+ Kxe6 23. Nc7+ Ke7 24. Rae1+ Ne5 25. Nd5+ Bxd5 26. Qxd5 Bd6 27.
c4 Rd8 28. c5 Bb8 29. Qb7+ Rd7 30. Qxa6 Kf7 31. c6 Re7 32. Qb6 Bc7 33. Qd4 Qd8
34. Qh4 Qd6 35. Qxh7+ Kf8 36. Qh8+ Kf7 37. Qh7+ Kf8 38. Qh8+ Kf7 39. Qh7+ {Game
drawn by repetition} 1/2-1/2

[Event "Team 45 45 League T95"]
[Site "Internet Chess Club"]
[Date "2023.01.28"]
[Round "3"]
[White "primerpaso"]
[Black "LookImYourVader"]
[Result "1-0"]
[WhiteElo "1820"]
[BlackElo "1759"]
[Opening "English opening"]
[ECO "A10"]
[Time "13:02:12"]
[PlyCount "43"]
[TimeControl "2700+45"]

1. c4 b6 2. Nc3 Bb7 3. Nf3 e6 4. g3 Bb4 5. Bg2 Bxc3 6. bxc3 d6 7. O-O Ne7 8. d3
O-O 9. Qc2 Nd7 10. e4 Nc5 11. Re1 h6 12. Ba3 Qe8 13. Nd4 e5 14. Nb3 Rb8 15. Rad1
f5 16. Nxc5 bxc5 17. d4 cxd4 18. cxd4 exd4 19. Rxd4 Nc6 20. Rd2 Qg6 21. c5 Rbd8
22. Qb3+ {Black resigns} 1-0

[Event "Team 45 45 League T95"]
[Site "Internet Chess Club"]
[Date "2023.01.28"]
[Round "3"]
[White "ElValero"]
[Black "fishhead"]
[Result "1/2-1/2"]
[WhiteElo "1670"]
[BlackElo "1708"]
[Opening "English opening"]
[ECO "B38"]
[Time "13:00:49"]
[PlyCount "60"]
[TimeControl "2700+45"]

1. Nf3 Nf6 2. c4 c5 3. Nc3 g6 4. d4 cxd4 5. Nxd4 Nc6 6. e4 Bg7 7. Be3 O-O 8. Rc1
d6 9. Be2 e6 10. O-O d5 11. cxd5 exd5 12. exd5 Nxd5 13. Nxc6 bxc6 14. Nxd5 cxd5
15. Bd4 Be6 16. Bxg7 Kxg7 17. Qd4+ Qf6 18. Rfd1 Rac8 19. Qxf6+ Kxf6 20. Bf3 Rxc1
21. Rxc1 d4 22. b3 a5 23. Kf1 Rc8 24. Rxc8 Bxc8 25. a3 d3 26. Ke1 Ke5 27. Kd2
Kd4 28. b4 axb4 29. axb4 Ba6 30. Bc6 Kc4 {Game drawn by mutual agreement}
1/2-1/2

[Event "Team 45 45 League T95"]
[Site "Internet Chess Club"]
[Date "2023.01.27"]
[Round "3"]
[White "MichaelIC"]
[Black "Alec-hine"]
[Result "1-0"]
[WhiteElo "2059"]
[BlackElo "1831"]
[Opening "QGD: Janowski variation"]
[ECO "D31"]
[Time "14:00:50"]
[PlyCount "79"]
[TimeControl "2700+45"]

1. d4 d5 2. c4 e6 3. Nc3 a6 4. cxd5 exd5 5. Qb3 Nf6 6. Bg5 c5 7. Bxf6 gxf6 8.
Qxd5 cxd4 9. Qxd8+ Kxd8 10. O-O-O Bh6+ 11. Kb1 Nc6 12. Nf3 Bf5+ 13. e4 Bg4 14.
Be2 Bxf3 15. Bxf3 Bg7 16. Nd5 Re8 17. Rhe1 Re6 18. Bh5 Rd6 19. Nb6 Rb8 20. Nc4
Rd7 21. Bg4 Rc7 22. Nb6 Ke7 23. Nd5+ Kd6 24. Nxc7 Kxc7 25. Bh5 Rf8 26. Rd3 Kd6
27. Rb3 Na5 28. Rb4 f5 29. exf5 b5 30. Rc1 Re8 31. a4 Nc6 32. Rb3 b4 33. Rd3 Re7
34. Bf3 Na5 35. g4 h6 36. h4 Rc7 37. Rxc7 Kxc7 38. g5 hxg5 39. hxg5 Kd6 40. f6
{Black resigns} 1-0

[Event "Team 45 45 League T95"]
[Site "Internet Chess Club"]
[Date "2023.01.29"]
[Round "3"]
[White "timcent"]
[Black "Tufnell"]
[Result "0-1"]
[WhiteElo "1866"]
[BlackElo "1921"]
[Opening "Neo-Grünfeld defense"]
[ECO "D70"]
[Time "12:00:50"]
[PlyCount "108"]
[TimeControl "2700+45"]

1. d4 Nf6 2. c4 g6 3. f3 d5 4. cxd5 Nxd5 5. e4 Nb6 6. Be3 Bg7 7. Qd2 O-O 8. Nc3
Nc6 9. O-O-O Qd6 10. f4 Bg4 11. Nf3 Rad8 12. e5 Qb4 13. a3 Qb3 14. Qc2 Qxc2+ 15.
Kxc2 Bxf3 16. gxf3 e6 17. f5 exf5 18. f4 Ne7 19. Bg2 c6 20. Rd3 Rd7 21. b4 Ned5
22. Bc1 Rfd8 23. Ne2 Bf8 24. Kb3 a6 25. Bd2 Nc7 26. Bc3 Ne6 27. Rg3 Nd5 28. Bd2
Ndc7 29. Be3 Nb5 30. d5 cxd5 31. Bb6 Rc8 32. a4 Rc6 33. Bf2 Nbc7 34. Rc3 Rxc3+
35. Kxc3 b5 36. a5 d4+ 37. Kb3 d3 38. Rd1 Rd8 39. Nc3 Nd4+ 40. Kb2 Nce6 41. Rxd3
Nxf4 42. Rxd4 Rxd4 43. Bxd4 Nxg2 44. Nxb5 Bxb4 45. Nc7 Bxa5 46. Nxa6 Ne1 47. Kb3
Nf3 48. Bb2 Nxh2 49. Kc4 Ng4 50. Kd3 Bb6 51. Ke2 Kf8 52. Nb4 Bc7 53. Nd3 Ke7 54.
Kf3 g5 {White resigns} 0-1

[Event "Team 45 45 League T95"]
[Site "Internet Chess Club"]
[Date "2023.01.30"]
[Round "3"]
[White "KidRattler"]
[Black "mnpaulson"]
[Result "1-0"]
[WhiteElo "1717"]
[BlackElo "1496"]
[Opening "Ruy Lopez: closed defense"]
[ECO "C84"]
[Time "14:39:26"]
[PlyCount "67"]
[TimeControl "2700+45"]

1. e4 e5 2. Nf3 Nc6 3. Bb5 a6 4. Ba4 Nf6 5. O-O Be7 6. c3 Nxe4 7. Bc2 Nf6 8. Re1
d6 9. h3 O-O 10. d4 exd4 11. cxd4 h6 12. Nc3 Re8 13. Bf4 Bd7 14. a3 Bf8 15. Qd2
Ne7 16. g4 Nfd5 17. Bg3 Bc6 18. Qd3 g6 19. Re2 Qd7 20. Bb3 Nxc3 21. bxc3 Nd5 22.
c4 Rxe2 23. Qxe2 Nc3 24. Qd3 Ne4 25. d5 Nxg3 26. dxc6 Qxc6 27. fxg3 Rd8 28. Rc1
d5 29. Nh4 Bc5+ 30. Kh2 Qf6 31. Qf3 Qb6 32. cxd5 Be3 33. Re1 Re8 34. Ng2 {Black
resigns} 1-0

[Event "Team 45 45 League T95"]
[Site "Internet Chess Club"]
[Date "2023.01.28"]
[Round "3"]
[White "DaveTheRook"]
[Black "fireball"]
[Result "1-0"]
[WhiteElo "1405"]
[BlackElo "1532"]
[Opening "QGD: Marshall defense"]
[ECO "A50"]
[Time "14:34:09"]
[PlyCount "81"]
[TimeControl "2700+45"]

1. d4 Nf6 2. c4 d5 3. Nc3 c6 4. c5 Bf5 5. Nf3 Nbd7 6. e3 b6 7. b4 e6 8. Bd3 Bg6
9. O-O Qc7 10. Qc2 e5 11. Bxg6 hxg6 12. Nxe5 Nxe5 13. dxe5 Qxe5 14. f4 Qc7 15.
Qe2 bxc5 16. e4 d4 17. e5 Nd5 18. Nxd5 cxd5 19. Qb5+ Kd8 20. bxc5 Bxc5 21. Qd3
Rb8 22. Ba3 Bxa3 23. Qxa3 Rb6 24. Rac1 Qe7 25. Qa5 Qb7 26. Rc5 Ke7 27. Rfc1 Ke6
28. Rc7 Qa6 29. Qc5 Re8 30. g4 Qa4 31. f5+ gxf5 32. gxf5+ Kxf5 33. Qxd5 Rxe5 34.
Rf1+ Kg6 35. Qxe5 Rf6 36. Qg3+ Kh7 37. Rxf6 gxf6 38. Rxf7+ Kh6 39. Rxf6+ Kh5 40.
Qg6+ Kh4 41. Rf4+ {Black resigns} 1-0

[Event "Team 45 45 League T95"]
[Site "Internet Chess Club"]
[Date "2023.01.29"]
[Round "3"]
[White "hewdondada"]
[Black "clarinetref"]
[Result "0-1"]
[WhiteElo "1610"]
[BlackElo "1479"]
[Opening "Trompowsky attack (Ruth, Opocenský opening)"]
[ECO "A45"]
[Time "20:03:52"]
[PlyCount "106"]
[TimeControl "2700+45"]

1. d4 Nf6 2. Bg5 e6 3. Nd2 Be7 4. e4 h6 5. Bxf6 Bxf6 6. c3 d6 7. Bd3 Nd7 8. Ne2
O-O 9. O-O e5 10. f4 exf4 11. Nxf4 Bg5 12. Bc4 Bxf4 13. Rxf4 Nf6 14. h3 c6 15.
Qf3 d5 16. Bd3 dxe4 17. Nxe4 Nd5 18. Rf1 Nxf4 19. Qxf4 Be6 20. Qg3 f5 21. Qe5
Qd5 22. Nc5 Qxe5 23. dxe5 Rae8 24. Nxb7 Bc8 25. Na5 Rxe5 26. Nxc6 Re3 27. Bb5 a6
28. Ba4 Be6 29. Nd4 Bc4 30. Rf2 g6 31. b3 Bf7 32. c4 Rd8 33. Nc2 Rd1+ 34. Kh2
Red3 35. Nb4 R3d2 36. Rxd2 Rxd2 37. Nxa6 Rxa2 38. Nc5 Rc2 39. Nb7 f4 40. Kg1 Be6
41. Nd8 Bf5 42. Bc6 Rc3 43. b4 Kf8 44. Bd5 Bd3 45. Ne6+ Ke7 46. Nxf4 Bxc4 47.
Nxg6+ Kd6 48. Bf3 Rb3 49. Nh4 Ke5 50. Ng6+ Kf6 51. Nh4 Rxb4 52. Kh2 Kg5 53. Kg3
Be6 {White resigns} 0-1

[Event "Team 45 45 League T95"]
[Site "Internet Chess Club"]
[Date "2023.01.28"]
[Round "3"]
[White "Electryon"]
[Black "WillC"]
[Result "1-0"]
[WhiteElo "1505"]
[BlackElo "1574"]
[Opening "English: symmetrical variation"]
[ECO "A34"]
[Time "16:04:10"]
[PlyCount "75"]
[TimeControl "2700+45"]

1. c4 c5 2. Nc3 Nf6 3. g3 g6 4. Bg2 Bg7 5. e4 d6 6. Nge2 e5 7. d3 O-O 8. O-O Nc6
9. h3 Be6 10. Nd5 Bxd5 11. exd5 Nd4 12. Nxd4 cxd4 13. f4 Qc7 14. f5 Rae8 15.
fxg6 fxg6 16. b3 e4 17. dxe4 Nxe4 18. Rxf8+ Kxf8 19. Bxe4 Kg8 20. Qd3 Qe7 21.
Bg2 Qe1+ 22. Kh2 Re2 23. Bf4 Qf2 24. Rg1 g5 25. Bxg5 Be5 26. Bf4 Bxf4 27. gxf4
Re3 28. Qf5 Rg3 29. Qe6+ Kg7 30. Qxd6 d3 31. Qe5+ Kh6 32. Qf6+ Rg6 33. Qf8+ Kh5
34. Qf5+ Kh4 35. Qxd3 Qxf4+ 36. Kh1 Qg5 37. Qe4+ Kh5 38. Bf3+ {Black resigns}
1-0

[Event "Team 45 45 League T95"]
[Site "Internet Chess Club"]
[Date "2023.01.28"]
[Round "3"]
[White "herrahuu"]
[Black "chesskix"]
[Result "1-0"]
[WhiteElo "1475"]
[BlackElo "1379"]
[Opening "Sicilian defense"]
[ECO "B33"]
[Time "13:00:48"]
[PlyCount "49"]
[TimeControl "2700+45"]

1. e4 c5 2. Nf3 Nc6 3. d4 cxd4 4. Nxd4 Nf6 5. Nc3 g6 6. Nxc6 bxc6 7. e5 Nh5 8.
Be2 Ng7 9. Be3 Ne6 10. Qd2 Bg7 11. f4 f5 12. O-O-O O-O 13. g4 a5 14. gxf5 gxf5
15. Bc4 Qc7 16. h4 Ba6 17. Bxa6 Rxa6 18. Qxd7 Qxd7 19. Rxd7 Re8 20. h5 h6 21.
Rg1 Kf7 22. Na4 Raa8 23. Nc5 Nxc5 24. Bxc5 a4 25. Rxe7+ {Black resigns} 1-0

[Event "Team 45 45 League T95"]
[Site "Internet Chess Club"]
[Date "2023.01.29"]
[Round "3"]
[White "jonesey"]
[Black "ARMAND02019"]
[Result "1-0"]
[WhiteElo "1894"]
[BlackElo "1570"]
[Opening "French: Paulsen variation"]
[ECO "C10"]
[Time "20:02:04"]
[PlyCount "43"]
[TimeControl "2700+45"]

1. e4 e6 2. d4 d5 3. Nc3 Nc6 4. Nf3 dxe4 5. Nxe4 Be7 6. c3 Nf6 7. Bd3 O-O 8. h4
Nxe4 9. Bxe4 f5 10. Bc2 Bf6 11. Bf4 Re8 12. Qe2 Qe7 13. Ne5 Nd8 14. O-O-O b6 15.
g4 g6 16. g5 Bg7 17. h5 Bb7 18. hxg6 Bxh1 19. gxh7+ Kxh7 20. Rxh1+ Kg8 21. Qh5
Bxe5 22. Bxe5 {Black resigns} 1-0

[Event "Team 45 45 League T95"]
[Site "Internet Chess Club"]
[Date "2023.01.28"]
[Round "3"]
[White "jfkingiii"]
[Black "ghowell"]
[Result "0-1"]
[WhiteElo "1504"]
[BlackElo "1601"]
[Opening "Vienna gambit"]
[ECO "C29"]
[Time "16:03:47"]
[PlyCount "52"]
[TimeControl "2700+45"]

1. e4 e5 2. Nc3 Nf6 3. f4 d6 4. Nf3 Nc6 5. Bb5 Bd7 6. O-O Be7 7. d4 exd4 8. Nxd4
Nxd4 9. Bxd7+ Qxd7 10. Qxd4 O-O 11. Be3 b6 12. Rad1 Ng4 13. Rfe1 c6 14. h3 Nxe3
15. Qxe3 d5 16. Kh1 Bh4 17. Re2 Rfe8 18. Qd3 Rad8 19. exd5 Rxe2 20. Qxe2 cxd5
21. Nxd5 Re8 22. Qd2 Qf5 23. Nc3 h6 24. Qd7 Re1+ 25. Kh2 Qxf4+ 26. g3 Qf2#
{White checkmated} 0-1

[Event "Team 45 45 League T95"]
[Site "Internet Chess Club"]
[Date "2023.01.31"]
[Round "3"]
[White "keithuws1"]
[Black "kabindra"]
[Result "1-0"]
[WhiteElo "1303"]
[BlackElo "1643"]
[Opening "QP counter-gambit (elephant gambit)"]
[ECO "C40"]
[Time "17:00:23"]
[PlyCount "39"]
[TimeControl "2700+45"]

1. e4 e5 2. Nf3 d5 3. exd5 e4 4. Qe2 Nf6 5. d3 Bb4+ 6. c3 O-O 7. dxe4 Bd6 8. Bg5
Re8 9. Nbd2 Bf5 10. Nh4 Bxe4 11. Nxe4 Rxe4 12. Qxe4 Nxe4 13. Bxd8 f6 14. f3 Ng5
15. Nf5 Be5 16. d6 cxd6 17. Bc4+ Kh8 18. O-O-O Nc6 19. Bc7 Na5 20. Bxa5 {Black
resigns} 1-0

[Event "Team 45 45 League T95"]
[Site "Internet Chess Club"]
[Date "2023.01.29"]
[Round "3"]
[White "jjmolina1"]
[Black "natalieH"]
[Result "1-0"]
[WhiteElo "1475"]
[BlackElo "1089"]
[Opening "Giuoco Pianissimo: Italian four knights variation"]
[ECO "C55"]
[Time "09:59:37"]
[PlyCount "79"]
[TimeControl "2700+45"]

1. e4 e5 2. Nf3 Nc6 3. Bc4 Nf6 4. d3 Bc5 5. Nc3 O-O 6. Bg5 Be7 7. h3 d6 8. O-O
Be6 9. Bxf6 Bxf6 10. Nd5 Na5 11. Nxf6+ Qxf6 12. Bb3 Nxb3 13. axb3 Qg6 14. Nh4
Qg5 15. Nf3 Qh5 16. Nh2 Qg6 17. Qf3 f5 18. Kh1 fxe4 19. Qxe4 Qxe4 20. dxe4 c6
21. f3 d5 22. Rfe1 Rad8 23. Rxa7 dxe4 24. Rxb7 exf3 25. Nxf3 Bd5 26. Rxe5 Bxf3
27. gxf3 Rxf3 28. Ree7 Kf8 29. Rxg7 Ke8 30. Rxh7 Rf5 31. Rh8+ Rf8 32. Rxf8+ Kxf8
33. Rc7 Rd1+ 34. Kh2 Rb1 35. Rxc6 Rxb2 36. Kg3 Ke7 37. h4 Kf7 38. h5 Rb1 39. h6
Rh1 40. Kf3 {Black resigns} 1-0

[Event "Team 45 45 League T95"]
[Site "Internet Chess Club"]
[Date "2023.01.26"]
[Round "3"]
[White "VictorRed"]
[Black "elmaestro"]
[Result "1-0"]
[WhiteElo "1617"]
[BlackElo "1590"]
[Opening "Sicilian defense"]
[ECO "B20"]
[Time "20:04:32"]
[PlyCount "109"]
[TimeControl "2700+45"]

1. e4 c5 2. c4 d6 3. Nf3 Nc6 4. d3 Nf6 5. Nc3 e6 6. Bg5 Be7 7. Qd2 h6 8. Bf4 a6
9. h3 e5 10. Be3 Nd4 11. Nd5 Nxf3+ 12. gxf3 Nxd5 13. cxd5 g5 14. Be2 f5 15. Qc2
f4 16. Bd2 Bd7 17. b4 b6 18. Qb2 O-O 19. Bd1 a5 20. b5 Qe8 21. a4 Rc8 22. Bb3
Rc7 23. Bc4 Qc8 24. Bc3 Kh7 25. O-O-O Qe8 26. Qe2 Qh5 27. Rdg1 Qf7 28. Bxe5 dxe5
29. d6 Be6 30. dxc7 Bxc4 31. dxc4 Bd6 32. Rd1 Bxc7 33. Rd5 Qe6 34. h4 g4 35.
Rhd1 Rf7 36. fxg4 f3 37. Qd3 Kh8 38. g5 h5 39. Rg1 Rg7 40. Qxf3 Qg6 41. Rgd1 Rf7
42. Qe3 Rf4 43. f3 Qf7 44. R1d3 Rxh4 45. Kc2 Rf4 46. Kc3 Qg6 47. Rd7 Rf7 48. Qd2
h4 49. Rxf7 Qxf7 50. Qg2 Qg6 51. Qg4 Bd6 52. Qc8+ Kg7 53. Qd7+ Kg8 54. Rxd6 Qxg5
55. Qg4 {Black resigns} 1-0

[Event "Team 45 45 League T95"]
[Site "Internet Chess Club"]
[Date "2023.01.28"]
[Round "3"]
[White "burlap"]
[Black "isolani"]
[Result "1/2-1/2"]
[WhiteElo "1226"]
[BlackElo "1394"]
[Opening "Pirc: Ufimtsev-Pytel variation"]
[ECO "B07"]
[Time "09:00:41"]
[PlyCount "70"]
[TimeControl "2700+45"]

1. e4 d6 2. d4 Nf6 3. Nc3 c6 4. f4 Qa5 5. Bd3 e5 6. Nf3 Bg4 7. Be3 Qb4 8. a3 Qa5
9. b4 Qc7 10. O-O Be7 11. h3 Bxf3 12. Qxf3 Nbd7 13. f5 exd4 14. Bxd4 Ne5 15.
Bxe5 dxe5 16. Ne2 O-O 17. Ng3 a5 18. Nh5 axb4 19. axb4 Qb6+ 20. Kh1 Qxb4 21.
Nxf6+ Bxf6 22. Rab1 Qe7 23. Rb2 Rab8 24. g4 b5 25. c4 Qc5 26. cxb5 cxb5 27. Rc2
Qa3 28. Rb1 b4 29. Be2 Qxf3+ 30. Bxf3 Be7 31. Rc7 Bd6 32. Rc6 Rfd8 33. Bd1 Kf8
34. Ba4 Ke7 35. Kg2 Rdc8 {Game drawn by mutual agreement} 1/2-1/2

[Event "Team 45 45 League T95"]
[Site "Internet Chess Club"]
[Date "2023.01.30"]
[Round "3"]
[White "xingon"]
[Black "jcule"]
[Result "1-0"]
[WhiteElo "1322"]
[BlackElo "1336"]
[Opening "Philidor's defense"]
[ECO "C41"]
[Time "15:08:55"]
[PlyCount "67"]
[TimeControl "2700+45"]

1. e4 e5 2. Nf3 d6 3. d4 Bg4 4. dxe5 Bxf3 5. Qxf3 dxe5 6. Bc4 Qf6 7. Qb3 b6 8.
O-O Bd6 9. Nc3 Ne7 10. Nd5 Nxd5 11. Bxd5 c6 12. Bc4 O-O 13. Be3 b5 14. Bd3 Nd7
15. Rad1 Nc5 16. Bxc5 Bxc5 17. Qc3 Qe7 18. a3 Rac8 19. b4 Bd4 20. Qb3 a6 21. c3
Bb6 22. a4 Ba7 23. a5 c5 24. Qb2 Rc7 25. Kh1 Rfc8 26. f4 cxb4 27. cxb4 Bd4 28.
Qb1 Bc3 29. fxe5 Qxb4 30. Qa2 Bxe5 31. Rf5 Qe7 32. Rdf1 Qe6 33. Qxe6 fxe6 34.
Rxe5 {Black resigns} 1-0